AoeStats
← Xi Jinping

Hill Fort

506237717Analyzed
4v4 RM · 19d ago on Sep 12, 2026· 88m 43s· 8 players
Game mode
Random Map
Map size
Large (8 player)
Population
200
Speed
Normal
Resources
Standard
Victory
Conquest
Starting age
Dark Age
Ending age
Imperial Age
RankedLock teamsTeams togetherTeam positionsShared explorationLock speedFull tech treeHidden civsTurbo modeCheats
Victory
Defeat
🇺🇸 Maya · United States
721
+16
🇺🇸 Sicilians · United States
714
+16
🇫🇷 Franks · France
710
+16
🇳🇿 Khmer · New Zealand
643
+19
🇦🇷 Byzantines · Argentina
766
-19
🇦🇷 Aztecs · Argentina
747
-18
🇦🇷 Goths · Argentina
674
-15
🇦🇷 Slavs · Argentina
661
-15
matticus23
0:28 Loom
13:11 Feudal Age
14:36 Horse Collar
18:33 Wheelbarrow
24:07 Castle Age
22:24 Man-at-Arms
22:55 Arson
26:20 Heavy Plow
26:38 Squires
27:25 Double-Bit Axe
28:28 Bow Saw
29:16 Gold Mining
29:18 Stone Mining
30:41 Hand Cart
32:35 Town Watch
35:32 Caravan
35:31 Pikeman
35:34 Long Swordsman
35:39 Elite Skirmisher
36:26 Thumb Ring
40:17 Scale Mail Armor
40:28 Forging
40:19 Padded Archer Armor
40:09 Fletching
42:30 Chain Mail Armor
42:51 Iron Casting
45:04 Stone Shaft Mining
48:19 Imperial Age
49:21 Conscription
49:41 Hoardings
48:32 Halberdier
48:44 Halberdier
53:16 Two-Man Saw
53:20 Blast Furnace
52:51 Plate Mail Armor
52:37 Leather Archer Armor
52:17 Bodkin Arrow
52:11 Two-Handed Swordsman
57:05 Holcans
56:31 Eagle Warrior
57:39 Ballistics
57:32 Fortified Wall
57:18 Murder Holes
58:25 Chemistry
57:36 Masonry
57:07 Treadmill Crane
58:04 Ring Archer Armor
57:35 Bracer
67:19 Elite Plumed Archer
69:12 Capped Ram
NATIVE RADIX
3:23 Loom
12:59 Feudal Age
19:13 Castle Age
29:10 Wheelbarrow
28:30 Gold Mining
28:31 Double-Bit Axe
28:45 Stone Mining
28:41 Horse Collar
28:54 Fletching
34:55 Imperial Age
32:15 Town Watch
34:11 Town Patrol
34:13 Bodkin Arrow
34:38 Bow Saw
35:14 Masonry
35:02 Murder Holes
35:52 Stone Shaft Mining
35:40 Hand Cart
37:33 Gold Shaft Mining
38:03 Chemistry
37:09 Siege Engineers
37:32 Guilds
37:52 Coinage
37:24 Caravan
40:38 Banking
40:11 Heavy Plow
40:27 Forging
40:18 Bracer
40:25 Scale Barding Armor
40:45 Ballistics
40:11 Arrowslits
41:58 Iron Casting
40:52 Cavalier
41:57 Bloodlines
41:47 Husbandry
41:09 Light Cavalry
42:37 Hauberk
43:08 Hoardings
43:03 Conscription
43:21 Sappers
44:37 First Crusade
44:50 Chain Barding Armor
46:16 Blast Furnace
45:59 Crop Rotation
47:59 Elite Serjeant
55:47 Pikeman
57:02 Halberdier
57:34 Gambesons
57:50 Squires
57:36 Arson
80:59 Heavy Scorpion
DK3175
0:28 Loom
11:40 Feudal Age
17:55 Castle Age
16:01 Double-Bit Axe
16:37 Horse Collar
19:13 Bow Saw
19:41 Forging
19:39 Scale Barding Armor
22:14 Heavy Plow
24:45 Wheelbarrow
28:38 Bloodlines
28:29 Husbandry
28:48 Hand Cart
29:14 Iron Casting
29:01 Chain Barding Armor
33:07 Imperial Age
34:06 Tusk Swords
34:35 Conscription
34:48 Elite Battle Elephant
36:18 Crop Rotation
39:22 Elite Ballista Elephant
40:21 Double Crossbow
41:52 Chemistry
42:20 Blast Furnace
42:33 Plate Barding Armor
73:40 Heavy Scorpion
chens_pancake
0:28 Loom
13:01 Feudal Age
14:00 Double-Bit Axe
18:46 Town Watch
21:14 Castle Age
19:50 Gold Mining
19:54 Stone Mining
23:15 Bow Saw
24:34 Caravan
26:06 Gold Shaft Mining
28:29 Scale Barding Armor
28:36 Forging
28:17 Fletching
33:12 Wheelbarrow
33:41 Chain Barding Armor
35:00 Hand Cart
38:52 Iron Casting
38:13 Bodkin Arrow
45:33 Imperial Age
43:04 Town Patrol
43:07 Husbandry
42:28 Light Cavalry
46:43 Cavalier
48:09 Paladin
53:25 Plate Barding Armor
53:51 Blast Furnace
54:29 Coinage
55:23 Chemistry
54:31 Siege Engineers
54:57 Murder Holes
55:15 Fortified Wall
55:37 Masonry
60:19 Heavy Scorpion
62:08 Banking
82:30 Fervor
82:38 Block Printing
82:19 Herbal Medicine
82:45 Sanctity
88:33 Spies/Treason
89:35 Conscription
89:16 Chivalry
Xi Jinping
6:26 Loom
13:07 Feudal Age
14:27 Wheelbarrow
14:00 Double-Bit Axe
14:59 Horse Collar
21:43 Castle Age
23:36 Heavy Plow
23:50 Bow Saw
23:49 Stone Mining
24:42 Forging
24:34 Scale Mail Armor
25:27 Stone Shaft Mining
26:48 Hand Cart
26:30 Gold Mining
28:04 Town Watch
29:42 Town Patrol
30:24 Anarchy
30:52 Chain Mail Armor
34:30 Iron Casting
42:29 Imperial Age
43:12 Squires
45:10 Blast Furnace
48:33 Pikeman
50:09 Perfusion
55:21 Halberdier
59:54 Crop Rotation
Joe mama
0:31 Loom
13:36 Feudal Age
16:29 Wheelbarrow
16:26 Man-at-Arms
21:29 Horse Collar
22:14 Stone Mining
23:23 Double-Bit Axe
28:33 Castle Age
30:35 Squires
31:52 Hand Cart
31:15 Long Swordsman
35:26 Town Watch
39:07 Pikeman
40:36 Detinets
40:59 Bow Saw
40:43 Gold Mining
41:11 Town Patrol
40:42 Elite Skirmisher
43:15 Murder Holes
44:23 Scale Barding Armor
47:25 Imperial Age
57:50 Halberdier
58:36 Padded Archer Armor
67:00 Light Cavalry
80:53 Conscription
Shnissugah
11:06 Feudal Age
11:58 Double-Bit Axe
20:47 Castle Age
18:47 Gold Mining
18:52 Stone Mining
20:17 Forging
20:07 Scale Mail Armor
22:24 Bow Saw
22:24 Pikeman
22:25 Eagle Warrior
24:33 Chain Mail Armor
26:51 Iron Casting
27:27 Squires
30:19 Gambesons
31:12 Gold Shaft Mining
32:00 Wheelbarrow
38:50 Imperial Age
39:59 Garland Wars
39:59 Conscription
40:12 Plate Mail Armor
40:43 Blast Furnace
40:18 Elite Eagle Warrior
42:54 Capped Ram
66:39 Man-at-Arms
Fulgencio
11:43 Feudal Age
9:59 Loom
11:55 Feudal Age
14:21 Double-Bit Axe
23:25 Castle Age
21:49 Stone Mining
26:16 Husbandry
29:01 Horse Collar
30:49 Heavy Plow
31:00 Scale Barding Armor
31:58 Bow Saw
35:04 Wheelbarrow
36:38 Hand Cart
41:28 Chain Barding Armor
44:47 Imperial Age
44:35 Gold Mining
45:24 Stone Shaft Mining
44:56 Greek Fire
46:04 Plate Barding Armor
46:10 Logistica
53:10 Elite Cataphract
55:57 Two-Man Saw
55:32 Crop Rotation
55:11 Scale Mail Armor
55:23 Forging
55:29 Caravan
57:26 Conscription
80:05 Hoardings
Connection lost

Rejoining the realm…

Still unreachable

The connection could not be restored.

Session expired

The server has moved on; the page needs a fresh start.